Map: Kairos Junction LE

Players

PeLLy

  • Race: Zerg Zerg
  • League: Diamond
  • Spawn Location: 5:00

QZR - Winner!

  • Race: Protoss Protoss
  • League: Diamond
  • Spawn Location: 11:00

VOD

Have the link to the VOD?

Description

Time

  • Played on: Aug. 13, 2019, 4 p.m.
  • Length: 30:10
Show
View Real Time Build Order
Export as new Build Order

PeLLy Zerg 

Build Orders: 3 Hatch before Pool 

Get SALT Encoding   

  12  0:01  Drone  
  13  0:14  Overlord  
  13  0:19  Drone  
  14  0:32  Drone x2  
  16  0:40  Drone  
  17  0:59  Drone  
  17  1:00  Drone  
  19  1:05  Hatchery  
  18  1:13  Drone  
  19  1:25  Hatchery  
  18  1:31  Drone x2  
  20  1:44  Spawning Pool  
  20  1:46  Drone  
  20  1:52  Overlord  
  20  2:03  Drone  
  21  2:10  Extractor  
  21  2:13  Drone  
  21  2:22  Drone  
  22  2:23  Drone  
  23  2:31  Queen  
  23  2:32  Queen  
  23  2:34  Drone x2  
  29  3:00  Drone x8  
  37  3:12  Queen  
  39  3:30  Metabolic Boost  
  39  3:31  Drone x3  
  42  3:34  Overlord x2  
  42  3:35  Baneling Nest  
  42  3:37  Evolution Chamber  
  40  3:47  Zergling x4  
  42  3:49  Overlord x2  
  42  3:54  Extractor  
  42  3:55  Extractor  
  40  4:02  Drone x7  
  47  4:11  Queen  
  47  4:14  Lair  
  49  4:32  Drone x11  
  60  4:42  Zerg Melee Weapons Level 1  
  60  4:55  Drone x7  
  60  4:58  Extractor, Zergling x6  
  69  5:00  Extractor  
  68  5:13  Drone  
  69  5:16  Drone  
  70  5:25  Drone  
  71  5:32  Zergling x2  
  71  5:33  Zergling x4  
  68  5:43  Zergling x2  
  68  5:44  Zergling x12  
  68  5:45  Overlord x2  
  71  5:52  Zergling x2  
  71  5:53  Zergling x4  
  73  5:58  Drone  
  73  6:00  Centrifical Hooks  
  73  6:01  Hatchery  
  73  6:09  Spine Crawler  
  73  6:10  Spore Crawler  
  71  6:11  Spore Crawler  
  71  6:13  Overseer  
  71  6:16  Spore Crawler  
  69  6:28  Spore Crawler  
  69  6:31  Hatchery  
  69  6:32  Pneumatized Carapace  
  67  6:36  Zergling x18  
  75  6:48  Zergling x4  
  77  6:59  Hatchery  
  66  7:21  Evolution Chamber  
  65  7:26  Spine Crawler  
  64  7:31  Hydralisk Den, Evolution Chamber  
  64  7:33  Baneling x2  
  64  7:34  Baneling x5  
  62  7:38  Drone x11  
  62  7:42  Spore Crawler  
  72  7:44  Spore Crawler  
  72  7:46  Overseer  
  71  7:56  Queen  
  71  7:57  Queen  
  75  7:58  Queen  
  75  8:00  Drone x4  
  81  8:05  Extractor  
  81  8:06  Extractor  
  81  8:08  Grooved Spines  
  81  8:09  Zerg Melee Weapons Level 2, Zerg Missile Weapons Level 1  
  79  8:16  Infestation Pit  
  79  8:17  Spire  
  79  8:19  Spore Crawler  
  75  8:40  Drone x12  
  80  9:19  Muscular Augments  
  80  9:23  Drone x4  
  80  9:24  Drone x8  
  92  9:30  Drone  
  93  9:31  Drone x3  
  93  9:32  Spine Crawler  
  93  9:34  Hive  
  93  9:35  Spine Crawler  
  93  9:37  Zerg Ground Armor Level 1  
  94  9:54  Hatchery  
  94  9:55  Extractor  
  92  10:10  Hydralisk x5  
  92  10:13  Overlord x5  
  102  10:14  Zerg Missile Weapons Level 2  
  102  10:31  Overlord x2  
  102  10:32  Drone  
  102  10:33  Drone x3  
  102  10:35  Pathogen Glands  
  106  10:41  Spore Crawler  
  105  10:44  Spore Crawler  
  105  10:45  Spine Crawler  
  103  10:51  Hydralisk x4  
  103  10:52  Hydralisk x13  
  137  11:08  Overseer  
  137  11:09  Zergling x2  
  137  11:10  Zergling x16  
  146  11:11  Zerg Melee Weapons Level 3  
  146  11:14  Adrenal Glands  
  145  11:25  Zergling x14  
  143  11:26  Zergling x4  
  143  11:30  Baneling  
  143  11:31  Baneling x5  
  151  11:42  Zergling x2  
  151  11:43  Zergling x6  
  151  11:44  Overlord  
  151  11:45  Overlord x4  
  154  12:19  Drone x5  
  154  12:20  Drone x10  
  154  12:22  Overlord x2  
  168  12:29  Baneling x2  
  166  12:30  Baneling x14  
  166  12:33  Zerg Missile Weapons Level 3  
  117  12:53  Hydralisk  
  117  12:54  Hydralisk x7  
  117  12:55  Hydralisk  
  88  13:09  Zergling x20  
  98  13:20  Zergling x8  
  101  13:28  Baneling x6  
  101  13:29  Baneling x14  
  101  13:37  Hydralisk  
  101  13:38  Hydralisk x2  
  101  13:41  Queen  
  107  13:44  Zergling x4  
  107  13:45  Zergling x2  
  93  14:18  Hydralisk x9  
  93  14:19  Hydralisk x2, Zergling x2  
  93  14:20  Zergling x4  
  116  14:32  Hydralisk x4  
  124  14:40  Extractor  
  123  14:58  Baneling x6  
  123  15:00  Hatchery  
  122  15:09  Zerg Ground Armor Level 2  
  122  15:11  Corruptor x5  
  132  15:17  Zergling x10  
  135  15:37  Zergling x10  
  135  15:38  Zergling x16  
  148  15:51  Drone  
  148  15:52  Drone x4  
  152  16:05  Overseer  
  141  16:21  Baneling x9  
  141  16:22  Baneling x4  
  141  16:25  Drone  
  142  16:26  Drone x2  
  142  16:27  Drone x2  
  142  16:31  Corruptor x5, Extractor x2  
  112  16:50  Corruptor x5  
  87  16:56  Corruptor  
  89  17:05  Zergling x12  
  95  17:13  Drone x2  
  95  17:14  Drone x2  
  83  17:57  Zergling x2  
  83  17:58  Zergling x28  
  88  18:34  Zergling x2  
  88  18:35  Zergling x28  
  101  18:51  Hatchery  
  93  19:00  Baneling  
  93  19:01  Baneling x14  
  91  19:05  Hydralisk x7  
  105  19:24  Zerg Ground Armor Level 3  
  105  19:31  Greater Spire  
  105  19:35  Hydralisk x5  
  115  19:43  Corruptor  
  108  20:10  Corruptor  
  108  20:11  Corruptor x5  
  120  20:32  Baneling x13  
  120  20:48  Hatchery  
  83  21:05  Baneling  
  83  21:06  Baneling x5  
  83  21:19  Corruptor x3  
  83  21:20  Corruptor x4  
  97  21:39  Extractor x2  
  95  21:47  Spine Crawler  
  93  21:49  Spore Crawler  
  93  21:53  Spine Crawler  
  88  22:08  Spore Crawler, Spine Crawler  
  85  22:11  Spine Crawler  
  80  22:17  Brood Lord  
  80  22:18  Brood Lord x6  
  94  22:26  Overseer  
  64  23:23  Corruptor x2  
  68  23:34  Drone  
  57  26:41  Extractor  
Show
View Real Time Build Order
Export as new Build Order

QZR Protoss - Winner!

Build Orders: Zealot Archon, Colossus Rush, Dark Templar Rush 

Get SALT Encoding   

  12  0:01  Probe  
  13  0:16  Probe  
  13  0:20  Pylon  
  14  0:24  Probe  
  15  0:37  Probe  
  16  0:52  Probe  
  17  1:07  Nexus  
  17  1:20  Gateway  
  17  1:27  Forge  
  17  1:31  Probe  
  17  1:32  Assimilator  
  17  1:39  Probe  
  19  1:52  Gateway  
  19  2:08  Cybernetics Core  
  19  2:16  Photon Cannon  
  19  2:20  Zealot  
  19  2:21  Probe  
  22  2:25  Warp Gate  
  22  2:28  Assimilator  
  22  2:34  Probe  
  22  2:36  Probe  
  23  2:42  Probe  
  25  2:57  Twilight Council  
  25  2:59  Probe x2  
  27  3:09  Assimilator  
  27  3:15  Probe  
  27  3:16  Shield Battery  
  28  3:27  Probe  
  28  3:33  Pylon  
  29  3:40  Dark Shrine  
  29  3:44  Pylon, Probe  
  29  3:47  Probe  
  31  3:50  Sentry  
  31  3:53  Robotics Facility  
  31  4:01  Probe  
  34  4:11  Probe  
  34  4:13  Probe  
  36  4:18  Pylon, Protoss Ground Weapons Level 1  
  36  4:29  Gateway, Probe x2  
  38  4:33  Assimilator  
  38  4:41  Probe x2  
  40  4:50  Adept  
  40  4:51  Adept  
  44  4:55  Probe  
  45  5:01  Robotics Bay  
  45  5:07  Dark Templar  
  45  5:12  Pylon  
  47  5:17  Dark Templar  
  49  5:37  Probe  
  49  5:38  Colossus  
  49  5:42  Extended Thermal Lance  
  50  5:47  Probe  
  50  5:49  Probe  
  54  5:57  Pylon  
  54  5:59  Gateway  
  54  6:01  Pylon  
  54  6:09  Protoss Ground Weapons Level 2  
  54  6:17  Adept  
  56  6:18  Nexus  
  56  6:23  Archon  
  56  6:33  Stargate  
  56  6:41  Pylon  
  56  6:42  Pylon  
  56  6:44  Probe  
  55  6:47  Templar Archives  
  55  6:50  Pylon  
  54  7:05  Probe x2  
  56  7:16  Psionic Storm, Void Ray  
  56  7:17  Probe x2  
  62  7:29  Forge  
  64  7:30  Probe x2  
  64  7:35  Gateway  
  64  7:56  Pylon, Robotics Facility  
  64  7:59  Pylon  
  64  8:00  Gateway  
  64  8:01  Pylon  
  64  8:04  Pylon  
  64  8:06  High Templar  
  64  8:07  High Templar  
  64  8:10  Protoss Ground Armor Level 1  
  64  8:12  Probe  
  69  8:14  Assimilator  
  69  8:16  Assimilator  
  69  8:17  Dark Templar  
  71  8:24  Probe  
  72  8:32  Photon Cannon  
  72  8:33  Probe  
  73  8:34  Probe  
  73  8:36  Photon Cannon  
  73  8:37  Shield Battery, Sentry  
  73  8:39  Stalker  
  78  8:43  Probe  
  78  8:46  Protoss Ground Weapons Level 3  
  79  8:51  Probe  
  79  8:55  Probe  
  81  9:02  Probe  
  81  9:03  Immortal  
  81  9:07  Probe  
  87  9:14  High Templar, Probe  
  87  9:15  Gateway, Stalker  
  92  9:17  Probe  
  92  9:19  Probe  
  94  9:25  Phoenix  
  94  9:26  Pylon, Probe  
  97  9:31  Blink  
  97  9:36  Probe x2  
  99  9:39  Probe  
  99  9:41  Photon Cannon  
  100  9:47  Photon Cannon  
  100  9:48  Probe x2  
  102  9:53  Warp Prism, Archon  
  102  9:54  Stalker, High Templar  
  102  9:56  Probe  
  107  10:00  Probe  
  107  10:02  Robotics Facility  
  110  10:12  Immortal  
  114  10:21  Probe x2  
  114  10:22  Probe  
  117  10:29  Observer  
  117  10:31  Adept  
  117  10:32  Adept x2  
  117  10:33  Probe  
  125  10:36  Protoss Shields Level 1  
  125  10:42  Colossus  
  125  10:43  Pylon  
  125  10:53  Gravitic Drive  
  125  10:54  Pylon  
  131  11:10  Void Ray  
  133  11:25  Stalker  
  133  11:26  Stalker x3  
  133  11:27  Stalker  
  133  11:28  Stalker  
  133  11:29  Immortal x2  
  149  11:44  Dark Templar, Protoss Ground Armor Level 2  
  151  11:53  Phoenix  
  153  11:59  Protoss Air Weapons Level 1  
  153  12:00  Nexus, Pylon  
  153  12:02  Zealot  
  153  12:03  Stalker  
  156  12:15  Pylon  
  156  12:18  Phoenix  
  156  12:19  Dark Templar  
  147  12:23  Probe  
  147  12:24  Probe x2  
  136  12:35  Probe  
  136  12:36  Probe x2  
  139  12:43  Phoenix  
  133  12:48  Probe x3  
  125  12:56  Stalker  
  125  12:57  Stalker x2, Zealot  
  125  12:58  Zealot x2  
  105  12:59  Colossus  
  105  13:00  Probe x3  
  110  13:08  Phoenix  
  110  13:12  Warp Prism, Probe x3  
  117  13:14  Charge  
  117  13:17  High Templar  
  117  13:24  Probe x3  
  116  13:30  Fleet Beacon  
  116  13:32  Probe  
  117  13:36  High Templar, Probe  
  117  13:39  Dark Templar  
  122  13:42  Observer  
  123  13:50  Zealot x3  
  123  13:52  Protoss Ground Armor Level 3, Probe x3  
  125  14:13  Probe x2  
  103  14:17  Tempest  
  96  14:38  Colossus  
  96  14:39  Nexus  
  96  14:41  Colossus  
  102  14:47  Zealot  
  102  14:51  Zealot x2  
  114  14:56  Dark Templar  
  116  15:00  Zealot  
  116  15:02  High Templar  
  119  15:09  Colossus  
  125  15:19  Pylon  
  125  15:23  Dark Templar  
  125  15:25  Dark Templar  
  127  15:33  Stalker  
  127  15:34  Stalker  
  127  15:35  Tempest  
  136  15:40  Shield Battery  
  134  16:02  High Templar x2  
  134  16:03  Stalker  
  140  16:04  Zealot  
  140  16:05  Zealot  
  140  16:09  Immortal  
  146  16:29  Sentry  
  146  16:31  Gateway  
  146  16:32  Nexus, Gateway  
  146  16:34  Photon Cannon  
  146  16:35  Photon Cannon  
  139  16:50  Probe x3  
  122  16:57  Immortal, Void Ray  
  122  16:59  Stalker  
  122  17:00  Stalker  
  128  17:02  Probe x3  
  128  17:06  Pylon  
  128  17:07  Sentry  
  133  17:14  Pylon  
  133  17:27  Dark Templar x2  
  137  17:37  Stalker x2  
  139  17:42  Stalker x2  
  139  17:47  Probe x2  
  135  17:52  High Templar, Archon  
  135  17:58  Zealot  
  133  18:16  Stalker x2  
  133  18:17  Zealot x2  
  133  18:18  High Templar  
  135  18:21  Shield Battery  
  135  18:23  Archon  
  135  18:27  Stalker  
  135  18:30  Probe  
  138  18:39  Protoss Shields Level 2  
  138  18:42  Assimilator  
  138  18:58  Probe  
  139  19:13  Assimilator  
  139  19:14  Zealot  
  141  19:17  Zealot  
  141  19:18  Zealot x2  
  141  19:21  Zealot  
  149  19:32  Pylon  
  149  19:33  Observer  
  150  19:43  Immortal  
  154  19:45  Zealot  
  154  19:46  Zealot  
  154  19:48  Zealot  
  160  19:53  Stalker  
  160  19:56  High Templar  
  148  20:15  Photon Cannon  
  148  20:16  Photon Cannon  
  148  20:17  Photon Cannon  
  148  20:20  Warp Prism  
  150  20:33  Dark Templar  
  152  20:42  Observer, Immortal  
  130  21:05  Dark Templar x2  
  130  21:06  Zealot  
  130  21:09  Stalker x2  
  140  21:30  High Templar  
  140  21:31  Stalker, Zealot x2  
  148  21:39  Nexus  
  148  21:40  Pylon  
  148  21:53  Dark Templar  
  148  21:54  Zealot x2  
  146  21:56  Pylon  
  146  22:11  Stalker x2  
  146  22:12  Stalker  
  148  22:28  Void Ray  
  150  22:39  Assimilator  
  150  22:43  Assimilator  
  144  23:11  Void Ray  
  143  23:53  Void Ray  
  143  24:05  Stargate  
  143  24:07  Zealot x4  
  143  24:08  Cybernetics Core, Zealot  
  143  24:09  Zealot x2  
  157  24:10  Gateway  
  157  24:12  Gateway x2  
  154  24:27  Stargate  
  154  24:39  Pylon  
  154  24:42  Pylon  
  154  24:43  Pylon  
  154  25:06  Dark Templar  
  156  25:08  Tempest  
  156  25:10  Void Ray  
  165  25:25  Warp Prism  
  165  25:28  Probe  
  131  25:45  Nexus  
  127  25:55  Void Ray  
  128  26:01  Observer  
  129  26:23  Pylon  
  129  26:27  Pylon  
  129  26:30  Assimilator  
  129  26:34  Assimilator  
  129  26:43  Pylon  
  129  26:45  Protoss Air Armor Level 1  
  129  26:52  Forge  
  128  26:58  Pylon  
  128  27:01  Pylon  
  128  27:08  Nexus  
  128  27:22  Twilight Council  
  126  27:24  Fleet Beacon  
  126  27:30  Robotics Facility  
  126  27:42  Shield Battery  
  126  27:44  Shield Battery  
  126  27:53  Pylon  
  126  28:17  Pylon  
  126  28:22  Pylon  
  126  28:25  Tempest  
  126  28:28  Probe  
  126  28:33  Observer  
  125  28:35  Probe  
  125  28:36  Tempest  
  125  28:40  Probe  
  133  28:48  Probe  
  137  28:52  Probe  
  135  29:00  Probe  
  130  29:04  Probe  
  130  29:05  Void Ray  
  127  29:12  Probe  
  127  29:16  Probe  
  137  29:24  Observer, Probe  
  137  29:27  Zealot  
  137  29:28  Zealot  
  141  29:42  Pylon  
  141  29:56  Probe  
Tags
 
Add a new tag
Caveats
  • Supply blocks, unpowered buildings, or Contaminate may cause inaccurate times.
  • Supply counts are checked every 10 seconds.